 Dungeon Crawl Stone Soup version 0.20-a0-681-gf83e07f (webtiles) character file.

66470 Gorglomux the Thaumaturge (level 15, -6/90 HPs)
             Began as a Tengu Air Elementalist on Feb 18, 2017.
             Was the Champion of Ashenzari.
             Killed by divine providence
             ... invoked by a meliai
              (8 damage)
             ... on level 13 of the Dungeon.
             The game lasted 01:38:50 (32273 turns).

Gorglomux the Thaumaturge (Tengu Air Elementalist) Turns: 32273, Time: 01:38:51

Health: -6/90      AC: 18    Str: 13    XL:     15   Next: 19%
Magic:  3/33       EV: 17    Int: 23    God:    Ashenzari [******]
Gold:   1601       SH: 12    Dex: 14    Spells: 18/41 levels left

rFire    . . .     SeeInvis +   r - +5 demon blade (venom) (curse)
rCold    . . .     Gourm    .   a - +5 ring mail {MR+} (curse)
rNeg     . . .     Faith    .   f - +0 buckler (curse)
rPois    .         Spirit   .   (helmet restricted)
rElec    .         Reflect  +   z - +1 cloak (curse)
rCorr    .         Harm     .   j - +2 pair of gloves (curse)
MR       +++..     Clarity  +   (boots unavailable)
Stlth    +.........             l - +6 amulet of reflection (curse)
Regen    1.3/turn               m - ring of protection from magic (curse)
MPRegen  0.3/turn               O - +5 ring of strength (curse)

@: shrouded, regenerating
A: beak, talons 3, able to fly 2
a: Fly, Curse Item, Scrying, Transfer Knowledge, Renounce Religion


You were on level 13 of the Dungeon.
You worshipped Ashenzari.
Ashenzari was exalted by your worship.
You were hungry.

You visited 2 branches of the dungeon, and saw 19 of its levels.

You collected 1601 gold pieces.

Inventory:

Hand Weapons
 r - a cursed +5 demon blade of venom (weapon)
Missiles
 Z - 3 throwing nets (quivered)
Armour
 a - a cursed +5 ring mail of magic resistance (worn)
 f - a cursed +0 buckler (worn)
 j - a cursed +2 pair of gloves (worn)
 z - a cursed +1 cloak (worn)
Jewellery
 c - an uncursed ring of protection from cold
 l - a cursed +6 amulet of reflection (around neck)
 m - a cursed ring of protection from magic (right hand)
 O - a cursed +5 ring of strength (left hand)
Wands
 A - a wand of acid (5/15)
 E - a wand of enslavement (10/24)
 I - a wand of iceblast (12/15)
 L - a wand of lightning (6/15)
 X - a wand of disintegration (2/24)
Scrolls
 d - 2 scrolls of amnesia
 p - a scroll of summoning
 s - a scroll of fog
 B - 5 scrolls of blinking
 F - a scroll of vulnerability
 H - a scroll of recharging
 M - 3 scrolls of magic mapping
 Q - a scroll of remove curse
 R - a scroll of identify
 T - 4 scrolls of teleportation
Potions
 e - 5 potions of might
 i - 4 potions of haste
 n - a potion of berserk rage
 o - 4 potions of mutation
 q - 2 potions of agility
 x - 11 potions of curing
 D - a potion of degeneration
 J - 3 potions of brilliance
 K - 3 potions of invisibility
 S - 2 potions of cancellation
 V - a potion of resistance
 W - 2 potions of heal wounds
 Y - 2 potions of lignification
Comestibles
 k - 20 fruits
 t - 11 bread rations
 N - a royal jelly
 U - 12 meat rations


   Skills:
 - Level 9.2 Fighting
 - Level 9.0(13.3) Long Blades
 - Level 2.1 Throwing
 - Level 8.0(11.0) Armour
 - Level 7.9(10.9) Dodging
 - Level 2.0 Stealth
 - Level 5.0(8.0) Shields
 - Level 13.5 Spellcasting
 - Level 11.7(15.9) Conjurations
 + Level 4.0(8.2) Hexes
 + Level 4.4(8.8) Charms
 - Level 3.1(7.0) Translocations
 - Level 8.0(12.4) Air Magic
 - Level 5.0(9.4) Evocations


You had 18 spell levels left.
You knew the following spells:

 Your Spells              Type           Power        Failure   Level  Hunger
a - Shock                 Conj/Air       ####         1%          1    None
b - Airstrike             Air            ######....   1%          4    None
c - Lightning Bolt        Conj/Air       ######....   1%          5    ###....
h - Shroud of Golubria    Chrm/Tloc      ######....   1%          2    None
l - Lee's Rapid Deconstr  Erth           ###.......   97%         5    ###....
R - Regeneration          Chrm/Necr      #####.....   3%          3    None
W - Spectral Weapon       Hex/Chrm       ######..     1%          3    None


Dungeon Overview and Level Annotations

Branches:
Dungeon (13/15)            Temple (0/1) D:6            Lair (6/6) D:9
 Shoals (0/4) Lair:2        Snake (0/4) Lair:3        Slime (0/5) Lair:5
    Orc (0/2) D:10
 Vaults: D:13-14

Altars:
Ashenzari
Fedhas
Nemelex Xobeh
Trog
Uskayaw
Yredelemnul
Zin
Jiyva


Innate Abilities, Weirdness & Mutations

You have a beak for a mouth.
You have claws for feet.
You can fly continuously.


Message History

The killer bee is lightly wounded.
The killer bee closely misses your spectral weapon.
The killer bee stings your spectral weapon.
Your spectral weapon shares its damage with you!
* * * LOW HITPOINT WARNING * * *
The killer bee stings your spectral weapon.
Your spectral weapon shares its damage with you!
* * * LOW HITPOINT WARNING * * *
The killer bee stings your spectral weapon!
Your spectral weapon shares its damage with you!
* * * LOW HITPOINT WARNING * * *
The meliai calls down the wrath of its god upon you.
Something smites you!
* * * LOW HITPOINT WARNING * * *
The killer bee stings your spectral weapon.
Your spectral weapon shares its damage with you!
There is a stone staircase leading up here.
The meliai calls down the wrath of its god upon you.
Something smites you!
You die...

** ####### ####'# *
,* ###.# * #...# *
** ** ###.### ,,. *
###.....# *, ..,
##...###.# * .(%∆ {*
##..#.#...# %..y{{*
##########..##[#.###
*


..yyyy ##y(@>......###...... * ,.%{{{{###z.########## ####### *,,..zy{{zy..## *
...yyy##### ** ##### * You could see a meliai, 2 killer bees, 2 wights and a
friendly spectral demon blade of venom.

Vanquished Creatures
  Azrael (D:13)
  A dire elephant (Lair:4)
  Harold (D:11)
  5 hydras
  Erica (D:9)
  5 two-headed ogres
  2 centaur warriors (D:13)
  The ghost of WereVolvo the Arsonist, a journeyman DEFE of Vehumet (D:13)
  The ghost of HEYYEYAAE the Cudgeler, a novice TrBe of Trog (D:8)
  Urug (D:11)
  An ugly thing (D:12)
  5 oklob plants
  2 manticores (D:13)
  9 elephants
  4 black mambas
  A torpor snail (Lair:6)
  Maurice (D:11)
  Joseph (D:9)
  29 spiny frogs
  A gargoyle (D:13)
  Psyche (D:9)
  A rime drake (Lair:3)
  A centaur skeleton (D:12)
  7 komodo dragons
  A merfolk (D:10)
  2 meliai (D:13)
  A meliai (shapeshifter) (D:13)
  A queen bee (D:13)
  4 tyrant leeches (Lair:6)
  A hornet (D:11)
  Prince Ribbit (D:8)
  19 blink frogs
  8 hippogriffs
  8 dream sheep (Lair:6)
  A shadow (D:12)
  A wraith (D:12)
  56 yaks
  5 wyverns
  5 basilisks
  2 fire elementals (D:13)
  10 vampire mosquitoes
  The ghost of Alarkh the Slasher, an amateur DsSk (D:4)
  Menkaure (D:5)
  4 wargs (D:12)
  A soldier ant (D:12)
  15 water moccasins
  5 hell hounds
  12 porcupines
  A black bear (D:8)
  3 ice beasts
  6 orc warriors
  A sky beast (D:5)
  An eye of draining (D:10)
  6 phantoms
  6 wolves (Lair:6)
  14 ogres
  9 centaurs
  8 crocodiles
  5 big kobolds
  A wyvern zombie (D:8)
  23 bullfrogs
  5 scorpions
  20 killer bees
  6 wights (D:8)
  A vampire bat (Lair:1)
  A howler monkey (D:6)
  7 electric eels
  8 crimson imps
  4 jellies
  11 hounds
  2 bullfrog zombies
  A bullfrog skeleton (D:4)
  12 orc priests
  15 orc wizards
  3 iguanas
  19 worker ants
  2 killer bee zombies
  A hound zombie (D:8)
  2 worker ant zombies
  19 adders
  6 shadow imps
  An ooze (D:1)
  3 adder zombies
  3 worms
  4 dart slugs
  5 leopard geckos
  58 orcs
  3 ball pythons
  6 giant cockroaches
  7 goblins
  11 hobgoblins
  8 jackals
  6 quokkas
  14 bats
  5 frilled lizards
  27 kobolds
  3 rats (D:3)
  A bush (Lair:5)
  A plant (Lair:4)
643 creatures vanquished.

Vanquished Creatures (others)
  A water moccasin (Lair:5)
  A centaur (D:13)
  A bush (Lair:6)
  29 fungi
  58 plants (Lair:6)
  2 spectral weapons (D:13)
92 creatures vanquished.

Grand Total: 735 creatures vanquished

Notes
Turn   | Place    | Note
-------+----------+-------------------------------------------
     0 | D:1      | Gorglomux the Tengu Air Elementalist began the quest for the Orb.
     0 | D:1      | Reached XP level 1. HP: 10/10 MP: 4/4
   162 | D:1      | Reached XP level 2. HP: 15/15 MP: 3/6
   608 | D:1      | Reached skill level 3 in Conjurations
   659 | D:1      | Reached XP level 3. HP: 19/19 MP: 3/7
  1430 | D:2      | Reached XP level 4. HP: 20/24 MP: 0/8
  1530 | D:2      | Learned a level 4 spell: Airstrike
  2583 | D:3      | Gained mutation: You can fly. [Tengu growth]
  2583 | D:3      | Reached XP level 5. HP: 28/28 MP: 6/9
  2734 | D:3      | Reached skill level 6 in Air Magic
  2792 | D:3      | Found a shattered altar of Ashenzari.
  2846 | D:3      | Became a worshipper of Ashenzari the Shackled
  3035 | D:3      | Reached skill level 3 in Spellcasting
  3476 | D:3      | Reached XP level 6. HP: 30/32 MP: 2/11
  4463 | D:4      | Noticed Alarkh's ghost (amateur DsSk)
  4515 | D:4      | Learned a level 5 spell: Lightning Bolt
  4559 | D:4      | Reached skill level 1 in Fighting
  4559 | D:4      | Reached skill level 1 in Armour
  4559 | D:4      | Reached skill level 4 in Spellcasting
  4559 | D:4      | Reached XP level 7. HP: 38/38 MP: 1/14
  4630 | D:4      | Killed Alarkh's ghost
  4630 | D:4      | Reached skill level 3 in Dodging
  5593 | D:4      | Reached skill level 3 in Armour
  5593 | D:4      | Reached XP level 8. HP: 45/45 MP: 6/15
  5750 | D:5      | Entered Level 5 of the Dungeon
  6042 | D:5      | Reached skill level 5 in Spellcasting
  6108 | D:5      | Reached skill level 3 in Fighting
  6279 | D:5      | Noticed Menkaure
  6286 | D:5      | Killed Menkaure
  6616 | D:4      | HP: 2/48 [ogre/giant spiked club (23)]
  6617 | D:4      | Reached skill level 6 in Conjurations
  6950 | D:5      | Reached XP level 9. HP: 46/52 MP: 9/18
  6989 | D:5      | Reached skill level 6 in Spellcasting
  7119 | D:5      | Reached * piety under Ashenzari
  7538 | D:6      | Found a staircase to the Ecumenical Temple.
  9000 | D:8      | Noticed a two-headed ogre
  9125 | D:8      | Reached ** piety under Ashenzari
  9582 | D:8      | Found a sparkling altar of Nemelex Xobeh.
  9636 | D:8      | Killed a two-headed ogre
  9636 | D:8      | Reached skill level 6 in Fighting
  9636 | D:8      | Reached skill level 7 in Spellcasting
  9636 | D:8      | Reached skill level 9 in Conjurations
  9636 | D:8      | Reached XP level 10. HP: 61/61 MP: 2/22
 10168 | D:8      | Reached skill level 1 in Long Blades
 10182 | D:8      | Found a basalt altar of Yredelemnul.
 10182 | D:8      | Found a glowing silver altar of Zin.
 10182 | D:8      | Noticed HEYYEYAAE's ghost (novice TrBe)
 10234 | D:8      | Killed HEYYEYAAE's ghost
 10401 | D:8      | Noticed Prince Ribbit
 10404 | D:8      | Killed Prince Ribbit
 10404 | D:8      | Reached skill level 3 in Long Blades
 10472 | D:8      | Identified the cursed +0 hunting sling "Tayluate" {speed, *Corrode rElec rN+ Dex+3}
 10620 | D:8      | Reached skill level 8 in Spellcasting
 11360 | D:9      | Found a bloodstained altar of Trog.
 11374 | D:9      | Noticed Erica
 11417 | D:9      | HP: 3/61 [Erica/bolt of poison (24)]
 11883 | D:9      | Noticed Joseph
 12347 | D:9      | Killed Erica
 12401 | D:9      | Found a staircase to the Lair.
 12415 | D:9      | Noticed Psyche
 12425 | D:9      | Killed Psyche
 12425 | D:9      | Reached XP level 11. HP: 56/68 MP: 15/24
 12475 | D:9      | Noticed a two-headed ogre
 12485 | D:9      | Killed a two-headed ogre
 12839 | D:9      | Killed Joseph
 12909 | D:9      | Noticed a two-headed ogre
 12927 | D:9      | Killed a two-headed ogre
 12927 | D:9      | Reached skill level 9 in Fighting
 13348 | D:10     | Entered Level 10 of the Dungeon
 13354 | D:10     | Reached skill level 1 in Evocations
 13537 | D:10     | Found a staircase to the Orcish Mines.
 13856 | D:10     | Reached skill level 3 in Evocations
 14891 | D:10     | Reached *** piety under Ashenzari
 15097 | D:10     | Reached skill level 1 in Throwing
 15205 | D:11     | Noticed Harold
 15212 | D:11     | Killed Harold
 15888 | D:11     | Noticed Maurice
 15901 | D:11     | Killed Maurice
 15901 | D:11     | Reached XP level 12. HP: 76/76 MP: 1/25
 15933 | D:11     | Identified the +7 hunting sling "Dashuot" {flame, rElec}
 16145 | D:11     | Noticed Urug
 16151 | D:11     | Killed Urug
 16444 | Lair:1   | Entered Level 1 of the Lair of Beasts
 16666 | Lair:1   | Reached skill level 6 in Long Blades
 17079 | Lair:1   | Reached skill level 9 in Spellcasting
 17559 | Lair:1   | Reached **** piety under Ashenzari
 18480 | Lair:2   | Found a staircase to the Shoals.
 18666 | Lair:2   | Noticed a five-headed hydra
 18680 | Lair:2   | Killed a five-headed hydra
 18680 | Lair:2   | Reached skill level 10 in Spellcasting
 19364 | Lair:3   | Learned a level 2 spell: Shroud of Golubria
 19566 | Lair:3   | Reached skill level 9 in Long Blades
 19574 | Lair:3   | Reached XP level 13. HP: 68/80 MP: 23/28
 19775 | Lair:3   | Identified the +3 chain mail of Gozag's Favour {rF- MR+ Int+5}
 19793 | Lair:3   | Found a staircase to the Snake Pit.
 19807 | Lair:3   | Reached skill level 1 in Shields
 19929 | Lair:2   | Reached skill level 3 in Shields
 21187 | Lair:3   | Reached skill level 6 in Armour
 21423 | Lair:3   | Reached skill level 6 in Dodging
 21462 | Lair:3   | Reached ***** piety under Ashenzari
 21937 | Lair:4   | Noticed a dire elephant
 21977 | Lair:4   | Killed a dire elephant
 22162 | Lair:4   | Found a hide-covered altar of Uskayaw.
 24969 | Lair:5   | Reached skill level 1 in Translocations
 25141 | Lair:5   | Found a blossoming altar of Fedhas.
 26384 | Lair:5   | Found a viscous altar of Jiyva.
 26385 | Lair:5   | Found a staircase to the Slime Pits.
 26896 | Lair:6   | Entered Level 6 of the Lair of Beasts
 26908 | Lair:6   | Reached skill level 3 in Translocations
 27219 | Lair:6   | Gained mutation: You can fly continuously. [Tengu growth]
 27219 | Lair:6   | Reached XP level 14. HP: 41/86 MP: 11/29
 27292 | Lair:5   | Reached skill level 11 in Spellcasting
 28334 | Lair:6   | Reached skill level 12 in Spellcasting
 29148 | Lair:6   | Learned a level 5 spell: Lee's Rapid Deconstruction
 29649 | Lair:6   | Reached skill level 13 in Spellcasting
 29765 | Lair:6   | Identified the cursed +1 morningstar "Sito" {crush, rPois rF+ Int+4}
 29795 | Lair:6   | Identified the Handbook of Mutagenic Evil Rites
 29833 | Lair:6   | Identified the Almanac of Doomed Cold
 30193 | Lair:1   | Learned a level 3 spell: Regeneration
 30197 | Lair:1   | Learned a level 3 spell: Spectral Weapon
 30510 | D:12     | Reached skill level 1 in Hexes
 30510 | D:12     | Reached skill level 1 in Charms
 31459 | D:13     | Noticed WereVolvo's ghost (journeyman DEFE)
 31470 | D:13     | Killed WereVolvo's ghost
 31551 | D:13     | Reached skill level 3 in Charms
 31551 | D:13     | Reached XP level 15. HP: 78/90 MP: 19/33
 31596 | D:13     | Reached skill level 3 in Hexes
 31773 | D:13     | Reached ****** piety under Ashenzari
 31962 | D:13     | Noticed Azrael
 31978 | D:13     | Killed Azrael
 32272 | D:13     | HP: 1/90 [meliai/divine providence (11)]
 32273 | D:13     | Killed from afar by a meliai

Vault maps used:
D:1:      ncdulo_watergridlock
D:3:      ashenzari_conservatory_becter, first_bread
D:4:      kennysheep_big_flooded_room
D:5:      uniq_menkaure
D:6:      minmay_temple_entry_statues, nrook_pool_corridor
D:8:      nicolae_overflow_crystal_walls, nicolae_overflow_hidden_temple,
          uniq_prince_ribbit1
D:9:      bloody_trog, minmay_lair_entry_lava, hangedman_decor_peaks_small,
          minmay_misc_feat_diagonals, uniq_psyche, uniq_erica, uniq_joseph
D:10:     kennysheep_spiral_hall, orc_0_dummy, hangedman_fish_farm
D:11:     grunt_ministairs_2, uniq_urug, uniq_maurice, uniq_harold
D:12:     hex_large, nooodl_orcs_dogs
D:13:     serial_glass, glass_columns_c, glass_columns_c, serial_shops,
          kennysheep_mini, uniq_azrael
Lair:1:   roderic_batcave
Lair:2:   shoals_dummy_entry, fungi_pond_lemuel, infiniplex_staircase_pool_2,
          grunt_megastairs_3
Lair:3:   dummy_snake_entry
Lair:4:   basic_altar, bh_chokoban, grunt_megastairs_1,
          minmay_lair_oklob_chamber
Lair:5:   dpeg_slime_entry_enclosed_altar, tgw_fedhas
Lair:6:   minmay_lair_end_frog_pond

Skill      XL: |  1  2  3  4  5  6  7  8  9 10 11 12 13 14 15 |
---------------+----------------------------------------------+-----
Conjurations   | 2 3 4 6 9 10 11 | 11.7
Air Magic      | 5 6 7 8 |  8.0
Spellcasting   | 3 4 5 7 8 10 13 | 13.5
Fighting       | 1 2 4 6 8 9 |  9.2
Armour         | 1 3 4 5 8 |  8.0
Dodging        | 3 4 5 7 |  7.9
Long Blades    | 3 4 9 |  9.0
Evocations     | 5 |  5.0
Throwing       | 2 |  2.1
Shields        | 5 |  5.0
Translocations | 3 |  3.1
Hexes          | 2 4 |  4.0
Charms         | 3 4 |  4.4
Stealth        | |  2.0

Action                   |  1- 3 |  4- 6 |  7- 9 | 10-12 | 13-15 || total
-------------------------+-------+-------+-------+-------+-------++-------
Melee: Unarmed           |     8 |     5 |     1 |       |       ||    14
       Kick              |     3 |     1 |    10 |    72 |   260 ||   346
       Peck              |     1 |       |     6 |    45 |   170 ||   222
       Spear             |       |       |     7 |       |       ||     7
       Falchion          |       |       |    20 |   213 |   320 ||   553
       Demon blade       |       |       |       |       |   471 ||   471
 Cast: Shock             |    66 |    55 |   109 |    80 |    27 ||   337
       Airstrike         |       |    40 |    74 |   210 |   308 ||   632
       Lightning Bolt    |       |       |     6 |    41 |    42 ||    89
       Shroud of Golubri |       |       |       |     1 |    30 ||    31
       Spectral Weapon   |       |       |       |       |    15 ||    15
       Regeneration      |       |       |       |       |    11 ||    11
Invok: Curse Item        |       |     2 |     1 |     2 |     4 ||     9
 Abil: Fly               |       |     1 |       |     1 |       ||     2
Evoke: Wand              |       |       |       |     3 |     6 ||     9
  Use: Scroll            |       |     9 |     5 |    15 |    17 ||    46
       Potion            |       |       |     2 |     1 |       ||     3
 Stab: Sleeping          |     1 |       |       |       |       ||     1
       Distracted        |       |       |       |       |     1 ||     1
  Eat: Chunk             |     2 |    19 |    30 |    47 |    31 ||   129
       Royal jelly       |       |       |       |     3 |     2 ||     5
       Bread ration      |       |       |       |     1 |     1 ||     2
       Fruit             |       |       |       |       |    10 ||    10
Armor: Robe              |     2 |     8 |     9 |     5 |       ||    24
       Ring mail         |       |       |       |    55 |   130 ||   185
Dodge: Dodged            |     8 |    22 |    58 |   189 |   303 ||   580
Block: Other             |       |    12 |    21 |    78 |       ||   111
       Reflection        |       |       |       |     5 |    11 ||    16
       Buckler           |       |       |       |       |   349 ||   349
       Rpst.: Falchion   |       |       |     7 |    58 |    28 ||    93
       Demon blade       |       |       |       |       |    55 ||    55
